 Dungeon Crawl Stone Soup version 0.27-a0-1513-g2aaa0cc67b (webtiles) character file.

Game seed: 5561595733027043524

38 blackman the Slasher (level 3, 0/29 HPs)
             Began as a Human Fighter on July 9, 2021.
             Slain by Terence (3 damage)
             ... on level 2 of the Dungeon.
             The game lasted 00:02:36 (2045 turns).

blackman the Slasher (Human Fighter)                Turns: 2045, Time: 00:02:36

Health: 0/29       AC:  7    Str: 17    XL:     3   Next: 65%
Magic:  3/3        EV:  7    Int:  8    God:
Gold:   31         SH:  9    Dex: 12    Spells: 2/2 levels left

rFire    . . .     SeeInvis .   a - +0 long sword
rCold    . . .     Faith    .   c - +0 kite shield
rNeg     . . .     Spirit   .   b - +0 scale mail
rPois    .         Reflect  .   (no helmet)
rElec    .         Harm     .   (no cloak)
rCorr    .         Rampage  .   k - +0 pair of gloves
Will     .....                  (no boots)
Stlth    ..........             (no amulet)
HPRegen  0.09/turn              (no ring)
MPRegen  0.08/turn              (no ring)

@: mighty
A: no striking features
a: no special abilities


You were on level 2 of the Dungeon.
You visited 1 branch of the dungeon, and saw 2 of its levels.

You collected 31 gold pieces.

Inventory:

Hand Weapons
 a - a +0 long sword (weapon)
Missiles
 g - 31 poisoned darts (quivered)
Armour
 b - a +0 scale mail (worn)
 c - a +0 kite shield (worn)
 k - a +0 pair of gloves (worn)
Scrolls
 i - a scroll of enchant armour {unknown}
 j - a scroll of identify {unknown}
Potions
 e - 2 potions of brilliance {unknown}
 f - a potion of degeneration {unknown}
 h - a potion of flight {unknown}


   Skills:
 - Level 3.0 Fighting
 * Level 3.7 Long Blades
 - Level 3.0 Armour
 - Level 3.0 Shields


You had 2 spell levels left.
You didn't know any spells.
Your spell library was empty.

Dungeon Overview and Level Annotations

Branches:
Dungeon (2/15)

Altars:

Annotations:
D:2 Terence


Message History

The kobold hits you but does no damage.
You closely miss the kobold. The kobold hits you but does no damage.
You hit the kobold.
You kill the kobold!
Things that are here:
a +0 dagger; 4 stones Terence the Incautious comes into view.
He is wielding a +2 falchion of holy wrath.
Found 15 gold pieces.
You closely miss Terence.
Terence drinks a potion.
Terence seems to speed up.
You slash Terence!
Terence is moderately wounded.
You block Terence's attack. Terence barely misses you.
You riposte.
You barely miss Terence.
Terence is moderately wounded.
Terence hits you with a +2 falchion of holy wrath.
You hit Terence.
Terence is moderately wounded.
Terence hits you with a +2 falchion of holy wrath. x2
Press: ? - help, v - describe, . - travel
Here: Terence, wielding a +2 falchion of holy wrath and wearing a +0 scale mail (moderately wounded, fast)
The floor, spattered with blood.
You feel very mighty all of a sudden. Terence hits you but does no damage.
You hit Terence but do no damage.
Terence is moderately wounded.
Terence hits you but does no damage. You block Terence's attack.
You closely miss Terence.
Terence is moderately wounded.
Terence barely misses you.
Terence hits you with a +2 falchion of holy wrath!
Terence hits you but does no damage.
You are too injured to fight recklessly!
You barely miss Terence.
Terence is moderately wounded.
Terence hits you with a +2 falchion of holy wrath.
* * * LOW HITPOINT WARNING * * *
Terence hits you with a +2 falchion of holy wrath.
* * * LOW HITPOINT WARNING * * *
Terence hits you with a +2 falchion of holy wrath.
You die...

###.####### ##.## .#
##...##.## ...8...#..
.#...#..#..
#..8..#.... ###
.......#..#. ..#
.##.##.############..#
##...######.#...@@...#
##.##
#..##.######.....#
##...####...#.##
.......
...#.......†##.##
.....##
..###..####...#.##
..####
...#..........##.##..#
##...####..##...#)#.$#
.##.##....#####.######
#.....##### ###


You could see Terence (fast).

Vanquished Creatures
  An adder (D:2)
  A dart slug (D:1)
  4 ball pythons
  5 endoplasms
  2 giant cockroaches
  2 goblins (D:1)
  A hobgoblin (D:2)
  2 jackals (D:1)
  A bat (D:1)
  3 kobolds
  2 rats
24 creatures vanquished.

Notes
Turn   | Place    | Note
-------+----------+-------------------------------------------
     0 | D:1      | blackman the Human Fighter began the quest for the Orb.
     0 | D:1      | Reached XP level 1. HP: 18/18 MP: 1/1
   317 | D:1      | Reached XP level 2. HP: 17/24 MP: 2/2
  1125 | D:1      | Reached XP level 3. HP: 28/29 MP: 3/3
  1836 | D:2      | Found a faded altar of an unknown god.
  2036 | D:2      | Noticed Terence
  2045 | D:2      | Slain by Terence

Illustrated notes

Levels and vault maps discovered:
D:1:      matt_arrival_spirals, layout_basic, grunt_decor_resistance,
          minmay_misc_feat_square, chequers_arboretum
D:2:      wad_crossroads, layout_loops_corners, basic_ecumenical_altar,
          uniq_terence, uniq_sigmund

Skill      XL: |  1  2 |
---------------+-------+-----
Long Blades    | 3 |  3.7
Fighting       | |  3.0
Armour         | |  3.0
Shields        | |  3.0

Action                   || total
-------------------------++-------
Melee: Long sword        ||    78
  Use: Potion            ||     1
Armor: Scale mail        ||    32
Dodge: Dodged            ||    13
Block: Kite shield       ||    29
       Rpst.: Long sword ||     4

Table legend: (Time is in decaauts)
 A = Elapsed time spent in this place.
 B = Non-inter-level travel time spent in this place.
 C = Inter-level travel time spent in this place.
 D = Time resting spent in this place.
 E = Time spent auto-exploring this place.
 F = Levels seen in this place.
 G = Mean time per level.
                   A        B        C        D        E       F      G
               +--------+--------+--------+--------+--------+-----+--------+
         Total |   2083 |   1996 |     87 |      0 |   1796 |   2 | 1041.5 |
       Dungeon |   2083 |   1996 |     87 |      0 |   1796 |   2 | 1041.5 |
               +--------+--------+--------+--------+--------+-----+--------+

Top non-repeatable levels by time:
     D:1: 1709 daAuts
     D:2: 373 daAuts
